 Dungeon Crawl Stone Soup version 0.27.1-34-g3ba077fa99 (webtiles) character file.

Game seed: 425599022175318

176 Delamore the Covert (level 5, 0/34 HPs)
             Began as an Octopode Brigand on Feb 5, 2022.
             Killed by divine providence
             ... invoked by an orc priest
              (13 damage)
             ... on level 3 of the Dungeon.
             The game lasted 00:02:32 (3211 turns).

Delamore the Covert (Octopode Brigand)              Turns: 3211, Time: 00:02:32

Health: 0/34       AC:  1    Str: 10    XL:     5   Next: 56%
Magic:  5/5        EV: 12    Int: 14    God:
Gold:   36         SH:  0    Dex: 14    Spells: 4/4 levels left

rFire    . . .     SeeInvis .   e - +1 dagger (venom)
rCold    . . .     Faith    .   (no shield)
rNeg     . . .     Spirit   .   (helmet restricted)
rPois    .         Reflect  .   k - amulet of magic regeneration
rElec    .         Harm     .   (no ring)
rCorr    .         Rampage  .   (no ring)
Will     .....                  (no ring)
Stlth    +++++.....             (no ring)
HPRegen  0.11/turn              (no ring)
MPRegen  0.34/turn              (no ring)
                                (no ring)
                                (no ring)

@: no status effects
A: almost no armour, amphibious, 8 rings, camouflage 1, gelatinous body 1,
(nimble swimmer 1), tentacles
a: no special abilities


You were on level 3 of the Dungeon.
You visited 1 branch of the dungeon, and saw 3 of its levels.

You collected 96 gold pieces.
You spent 60 gold pieces at shops.

Inventory:

Hand Weapons
 a - a +2 dagger
 e - a +1 dagger of venom (weapon)
Missiles
 b - 8 poisoned darts (quivered)
 c - 2 curare-tipped darts
Armour
 j - a +0 kite shield
Jewellery
 d - a ring of fire
 k - an amulet of magic regeneration (around mantle)
Scrolls
 f - 2 scrolls of blinking
 i - 2 scrolls of teleportation
Potions
 g - a potion of might
 h - a potion of heal wounds {unknown}
 l - a potion of attraction {unknown}
 n - a potion of invisibility {unknown}


   Skills:
 - Level 2.0 Fighting
 + Level 3.5 Short Blades
 - Level 2.0 Throwing
 - Level 1.0 Dodging
 * Level 8.2 Stealth


You had 4 spell levels left.
You didn't know any spells.
Your spell library contained the following spells:

 Spells                   Type           Power      Damage    Failure   Level
 Foxfire                  Conj/Fire      0%         2x1d4     28%         1
 Conjure Flame            Conj/Fire      0%         6-21      65%         3
 Inner Flame              Hex/Fire       0%         N/A       65%         3


Dungeon Overview and Level Annotations

Branches:
Dungeon (3/15)

Altars:

Shops:
D:1 *

Annotations:
D:3 1 runed translucent door, Crazy Yiuf


Innate Abilities, Weirdness & Mutations

You cannot wear most types of armour.
You are amphibious.
You can wear up to eight rings at the same time.
Your skin changes colour to match your surroundings (Stealth+).
Your rubbery body absorbs attacks. (AC +1, EV +1)
((You are camouflaged near water. (Stealth+)))
You have tentacles for arms and can constrict up to eight enemies at once.


Message History

An orc comes into view. It is wielding a +0 dagger.
A hobgoblin comes into view.
Found a whip.
The orc hits you with a +0 club.
The orc priest shouts!
The orc shouts! x2
You hit the orc but do no damage.
The orc is poisoned.
Your grab misses the orc. The orc closely misses you.
The orc hits you with a +0 dagger.
The orc priest looks encouraged for a moment.
The orc throws a boomerang.
The boomerang misses you.
You closely miss the orc. Your grab misses the orc.
The orc is heavily wounded.
The orc closely misses you. The orc completely misses you.
You hit the orc. You grab the orc. You squeeze the orc.
You kill the orc!
You hit the orc.
The orc is poisoned.
Your grab misses the orc.
The orc is moderately wounded.
The orc barely misses you.
You barely miss the orc. You grab the orc.
The orc is moderately wounded.
You constrict the orc, but do no damage.
The orc hits you with a +0 mace. The orc barely misses you. The orc misses you.
The orc priest misses you.
You hit the orc but do no damage.
The orc looks even sicker.
The orc is heavily wounded.
You constrict the orc. The orc completely misses you.
The orc hits you with a +0 dagger. The orc closely misses you.
The orc priest mumbles some strange prayers to Beogh against you.
Pain shoots through your body!
You are too injured to fight recklessly!
You are too injured to fight recklessly!
You are too injured to fight recklessly!
You are too injured to fight recklessly!
You release your grip on the orc.
You kill the orc!
The orc hits you with a +0 dagger.
The orc priest casts a cantrip, but nothing happens.
The orc priest calls down the wrath of Beogh upon you.
Beogh smites you!
You die...

#....'.....######..#.###
##..##.....# #.#.⌠.##
###########..###+##.#
#..#.#.# .............#
#.##.# ##.##.#.
.............# #.##.#
#.###.⌠ .............#
#.##.# ###..###.
..........##.###.##.##
#...#.#♣#
..........##..##<....#
#..#.⌠.#
..†...........#.@....#
##...#.###
.......o.o.##...g...>#
#....####.
...........###..o....#
#.....##.⌠ ...........#
#....[..# #......##.
##########.# #.#o....#
#........# #.# #.#.....#
#......... #.# #.o###+##
#.......## #.# ##.#
#.......# #.####.###.##
#########


You could see an orc priest, 2 orcs and a hobgoblin.

Vanquished Creatures
  An orc priest (D:3)
  Natasha (D:3)
  5 adders
  4 worms (D:2)
  2 dart slugs
  6 orcs
  4 ball pythons
  3 bats
  11 endoplasms
  3 giant cockroaches
  3 goblins
  2 hobgoblins
  3 kobolds
  2 quokkas
  A frilled lizard (D:3)
  3 rats
54 creatures vanquished.

Vanquished Creatures (others)
  3 fungi (D:1)
  4 plants (D:1)
7 creatures vanquished.

Grand Total: 61 creatures vanquished

Notes
Turn   | Place    | Note
-------+----------+-------------------------------------------
     0 | D:1      | Delamore the Octopode Brigand began the quest for the Orb.
     0 | D:1      | Reached XP level 1. HP: 14/14 MP: 1/1
   123 | D:1      | Reached XP level 2. HP: 11/19 MP: 2/2
   309 | D:1      | Reached skill level 6 in Stealth
   349 | D:1      | Found Kus Qes's Assorted Antiques.
   351 | D:1      | You fall into a shaft and drop 1 floor!
   360 | D:2      | Reached XP level 3. HP: 24/24 MP: 3/3
   739 | D:1      | Bought a scroll labelled LUPLIF TOJEOGG for 21 gold pieces
  1020 | D:1      | Found a faded altar of an unknown god.
  1263 | D:2      | Reached XP level 4. HP: 29/29 MP: 4/4
  1282 | D:2      | Reached skill level 7 in Stealth
  2089 | D:1      | Bought an amethyst potion for 18 gold pieces
  2089 | D:1      | Bought a scroll labelled WIBEJI HOTHE for 21 gold pieces
  2152 | D:3      | Reached XP level 5. HP: 15/34 MP: 5/5
  2812 | D:3      | Found a runed translucent door.
  2813 | D:3      | Noticed Crazy Yiuf
  2871 | D:3      | Noticed Natasha
  2880 | D:3      | Killed Natasha
  2881 | D:3      | Reached skill level 8 in Stealth
  3211 | D:3      | Killed from afar by an orc priest

Illustrated notes

Levels and vault maps discovered:
D:1:      lemuel_arrival_behind_the_door_small, layout_basic, serial_shops,
          nicolae_shop_stone, shapermc_ecumenical_altar_ellora
D:2:      layout_loops_ring
D:3:      layout_basic, grunt_decor_mini_mirrors, uniq_crazy_yiuf_cottage,
          uniq_sigmund, uniq_natasha

Skill      XL: |  1  2  3  4  5 |
---------------+----------------+-----
Stealth        | 6 7 8 |  8.2
Short Blades   | 3 |  3.5
Fighting       | |  2.0
Throwing       | |  2.0
Dodging        | |  1.0

Action                   |  1- 3 |  4- 6 || total
-------------------------+-------+-------++-------
Melee: Dagger            |    48 |    54 ||   102
       Tentacles         |     7 |    13 ||    20
       Constrict         |     8 |    10 ||    18
  Use: Scroll            |     5 |     3 ||     8
 Stab: Sleeping          |    12 |    10 ||    22
Armor: Skin              |     2 |     1 ||     3
Dodge: Dodged            |    20 |    27 ||    47
